EVO
OKLAHOMA STATE UNIVERSITY COWBOYS @ UNIVERSITY OF ILLINOIS FIGHTING ILLINI
11/08/2048
 
TOP OF THE 1ST
Oklahoma State University Cowboys batting - Pitching for University of Michigan Wolverines : LHP Omar Gutierrez
Pitching: LHP Omar Gutierrez
Batting: RHB Simon Gravitt 0-0: Ball
1-0: Foul Ball, location: 2F
1-1: Ball
2-1: SINGLE (Groundball, 56D, EV 108.1 MPH)
Batting: RHB Magnus Laursen 0-0: Called Strike
0-1: Foul Ball, location: 2F
0-2: Strikes out swinging
Batting: LHB Kyle David 0-0: Ball
1-0: Called Strike
1-1: Ball
2-1: Called Strike
2-2: Foul Ball, location: 2F
2-2: Foul Ball, location: 2F
2-2: Ball
3-2: Foul Ball, location: 2F
3-2: Foul Ball, location: 2F
3-2: Foul Ball, location: 2F
3-2: Foul Ball, location: 2F
3-2: SINGLE (Line Drive, 6D, EV 96.2 MPH)
Simon Gravitt to second
Batting: LHB Jeff Williams 0-0: Foul Ball, location: 2F
0-1: Ball
1-1: Ball
2-1: Fielders Choice at 2nd, 3-6 (Groundball, 34, EV 90.0 MPH)
Simon Gravitt to third
Batting: LHB Cory Rohr 0-0: Called Strike
0-1: Ball
1-1: Ball
2-1: Fly out, F7 (Line Drive, 78M, EV 96.9 MPH)
Top of the 1st over - 0 runs, 2 hits, 0 errors, 2 left on base; Oklahoma State University 0 - University of Michigan 0
BOTTOM OF THE 1ST
University of Michigan Wolverines batting - Pitching for Oklahoma State University Cowboys : RHP Jean-Philippe Guéry
Pitching: RHP Jean-Philippe Guéry
Batting: LHB Carlos Guajardo 0-0: Called Strike
0-1: Ball
1-1: Called Strike
1-2: Ball
2-2: Foul Ball, location: 2F
2-2: SINGLE (Line Drive, 8RS, EV 110.0 MPH)
Batting: LHB Javier Cajina 0-0: Ball
1-0: Foul Ball, location: 2F
1-1: Foul Ball, location: 2F
1-2: Strikes out looking
Batting: LHB Hector Beltran 0-0: Ball
1-0: Ball
2-0: Ball
3-0: Base on Balls
Carlos Guajardo to second
Batting: LHB Takao Ogura 0-0: Ball
1-0: Called Strike
1-1: Grounds into double play, 4-6-3 (Groundball, 4, EV 83.1 MPH)
Bottom of the 1st over - 0 runs, 1 hit, 0 errors, 1 left on base; Oklahoma State University 0 - University of Michigan 0
TOP OF THE 2ND
Oklahoma State University Cowboys batting - Pitching for University of Michigan Wolverines : LHP Omar Gutierrez
Batting: RHB Rory Cardosi 0-0: Ball
1-0: Fly out, F9 (Flyball, 9, EV 88.8 MPH)
Batting: RHB Jon Guzman 0-0: Ball
1-0: Fly out, F5 (Popup, 5SF, EV 91.2 MPH)
Batting: RHB Estevan Alvarez 0-0: Called Strike
0-1: Ball
1-1: Ball
2-1: Foul Ball, location: 2F
2-2: Foul Ball, location: 2F
2-2: Strikes out swinging
Top of the 2nd over - 0 runs, 0 hits, 0 errors, 0 left on base; Oklahoma State University 0 - University of Michigan 0
BOTTOM OF THE 2ND
University of Michigan Wolverines batting - Pitching for Oklahoma State University Cowboys : RHP Jean-Philippe Guéry
Batting: RHB Michael Patterson 0-0: Ball
1-0: Called Strike
1-1: Swinging Strike
1-2: Foul Ball, location: 2F
1-2: Ball
2-2: Foul Ball, location: 2F
2-2: Ground out 6-3 (Groundball, 6, EV 90.6 MPH)
Batting: RHB Jeremy Marin 0-0: Ball
1-0: Ball
2-0: Ball
3-0: Base on Balls
Batting: RHB Ben Follett 0-0: Ball
1-0: Ball
2-0: Foul Ball, location: 2F
2-1: Ball
3-1: Base on Balls
Jeremy Marin to second
Batting: SHB J.D. Newman 0-0: Ball
1-0: Ball
2-0: Foul Ball, location: 2F
2-1: Fly out, F7 (Line Drive, 78M, EV 91.2 MPH)
Batting: SHB Raul Herrera 0-0: Called Strike
0-1: Ball
1-1: Ball
2-1: Ball
3-1: Base on Balls
Jeremy Marin to third
Ben Follett to second
Batting: LHB Carlos Guajardo 0-0: Ball
1-0: Called Strike
1-1: Foul Ball, location: 2F
1-2: Ball
2-2: Ball
3-2: Ground out 4-3 (Groundball, 4S, EV 63.1 MPH)
Bottom of the 2nd over - 0 runs, 0 hits, 0 errors, 3 left on base; Oklahoma State University 0 - University of Michigan 0
TOP OF THE 3RD
Oklahoma State University Cowboys batting - Pitching for University of Michigan Wolverines : LHP Omar Gutierrez
Batting: RHB Frederik Koster 0-0: Ball
1-0: Ball
2-0: Fly out, F7 (Line Drive, 7, EV 92.5 MPH)
Batting: RHB Simon Gravitt 0-0: Ball
1-0: Called Strike
1-1: Ball
2-1: SINGLE (Line Drive, 5D, EV 101.9 MPH)
Batting: RHB Magnus Laursen 0-0: Ball
1-0: Ball
Wild Pitch!
Simon Gravitt to second
2-0: Ball
3-0: Called Strike
3-1: Fly out, F9 (Line Drive, 9LM, EV 93.8 MPH)
Runner from 2nd tags up, SAFE at 3rd with throw by RF
Batting: LHB Kyle David 0-0: Fly out, F6 (Popup, 6, EV 78.8 MPH)
Top of the 3rd over - 0 runs, 1 hit, 0 errors, 1 left on base; Oklahoma State University 0 - University of Michigan 0
BOTTOM OF THE 3RD
University of Michigan Wolverines batting - Pitching for Oklahoma State University Cowboys : RHP Jean-Philippe Guéry
Batting: LHB Javier Cajina 0-0: Ball
1-0: Ball
2-0: Swinging Strike
2-1: Called Strike
2-2: Strikes out looking
Batting: LHB Hector Beltran 0-0: Ball
1-0: Ball
2-0: Ball
3-0: Base on Balls
Batting: LHB Takao Ogura 0-0: Fly out, F4 (Flyball, 34D, EV 81.2 MPH)
Batting: RHB Michael Patterson 0-0: Called Strike
0-1: Foul Ball, location: 2F
0-2: Ball
1-2: Foul Ball, location: 2F
1-2: Ball
2-2: Foul Ball, location: 2F
2-2: Fly out, F7 (Flyball, 7, EV 93.8 MPH)
Bottom of the 3rd over - 0 runs, 0 hits, 0 errors, 1 left on base; Oklahoma State University 0 - University of Michigan 0
TOP OF THE 4TH
Oklahoma State University Cowboys batting - Pitching for University of Michigan Wolverines : LHP Omar Gutierrez
Batting: LHB Jeff Williams 0-0: Called Strike
0-1: Foul Ball, location: 2F
0-2: Strikes out swinging
Batting: LHB Cory Rohr 0-0: Swinging Strike
0-1: Ball
1-1: Called Strike
1-2: Ball
2-2: Strikes out swinging
Batting: RHB Rory Cardosi 0-0: Fly out, F8 (Flyball, 8LD, EV 106.9 MPH)
Top of the 4th over - 0 runs, 0 hits, 0 errors, 0 left on base; Oklahoma State University 0 - University of Michigan 0
BOTTOM OF THE 4TH
University of Michigan Wolverines batting - Pitching for Oklahoma State University Cowboys : RHP Jean-Philippe Guéry
Batting: RHB Jeremy Marin 0-0: Foul Ball, location: 2F
0-1: Called Strike
0-2: Ball
1-2: Ball
2-2: SINGLE (Groundball, 6M, EV 107.5 MPH)
Batting: RHB Ben Follett 0-0: Foul Ball, location: 2F
0-1: Swinging Strike
0-2: Foul Ball, location: 2F
0-2: Strikes out swinging
Batting: SHB J.D. Newman 0-0: Foul Ball, location: 2F
0-1: Ball
1-1: Ground out 6-3 (Groundball, P, EV 82.5 MPH)
Jeremy Marin to second
Batting: SHB Raul Herrera 0-0: Ball
1-0: Ball
2-0: Ball
3-0: Called Strike
3-1: Called Strike
3-2: Strikes out looking
Bottom of the 4th over - 0 runs, 1 hit, 0 errors, 1 left on base; Oklahoma State University 0 - University of Michigan 0
TOP OF THE 5TH
Oklahoma State University Cowboys batting - Pitching for University of Michigan Wolverines : LHP Omar Gutierrez
Batting: RHB Jon Guzman 0-0: Ball
1-0: Foul Ball, location: 2F
1-1: Swinging Strike
1-2: Ball
2-2: Strikes out looking
Batting: RHB Estevan Alvarez 0-0: Foul Ball, location: 2F
0-1: Ball
1-1: Called Strike
1-2: Ball
2-2: Foul Ball, location: 2F
2-2: Foul Ball, location: 2F
2-2: Fly out, F9 (Flyball, 89S, EV 87.5 MPH)
Batting: RHB Frederik Koster 0-0: Ball
1-0: Called Strike
1-1: Ball
2-1: Ball
3-1: Called Strike
3-2: Strikes out swinging
Top of the 5th over - 0 runs, 0 hits, 0 errors, 0 left on base; Oklahoma State University 0 - University of Michigan 0
BOTTOM OF THE 5TH
University of Michigan Wolverines batting - Pitching for Oklahoma State University Cowboys : RHP Jean-Philippe Guéry
Pitching: LHP Jared Hauck
Batting: LHB Carlos Guajardo 0-0: Called Strike
0-1: Foul Ball, location: 2F
0-2: Strikes out swinging
Batting: LHB Javier Cajina 0-0: Ball
1-0: Ball
2-0: Ball
3-0: Called Strike
3-1: Fly out, F6 (Flyball, 6MD, EV 92.5 MPH)
Batting: LHB Hector Beltran 0-0: Foul Ball, location: 2F
0-1: Ball
1-1: Swinging Strike
1-2: Foul Ball, location: 2F
1-2: DOUBLE (Line Drive, 8RXD, EV 103.1 MPH)
Batting: LHB Takao Ogura 0-0: Called Strike
0-1: Ball
1-1: DOUBLE (Flyball, 78XD, EV 105.0 MPH)
Hector Beltran scores
Batting: RHB Michael Patterson 0-0: Ball
1-0: Ball
2-0: DOUBLE (Flyball, 78XD, EV 105.0 MPH)
Takao Ogura scores
Batting: RHB Jeremy Marin 0-0: Called Strike
0-1: Foul Ball, location: 2F
0-2: Ball
1-2: Strikes out looking
Bottom of the 5th over - 2 runs, 3 hits, 0 errors, 1 left on base; Oklahoma State University 0 - University of Michigan 2
TOP OF THE 6TH
Oklahoma State University Cowboys batting - Pitching for University of Michigan Wolverines : LHP Omar Gutierrez
Batting: RHB Simon Gravitt 0-0: Ball
1-0: Called Strike
1-1: Ball
2-1: Foul Ball, location: 2F
2-2: Fly out, F8 (Line Drive, 8RM, EV 91.9 MPH)
Batting: RHB Magnus Laursen 0-0: Ball
1-0: Ball
2-0: Ball
3-0: Called Strike
3-1: Base on Balls
Pitching: RHP Russ Mathewson
Batting: LHB Kyle David 0-0: Ball
1-0: Grounds into double play, 1-4-3 (Groundball, 15S, EV 70.0 MPH)
Top of the 6th over - 0 runs, 0 hits, 0 errors, 0 left on base; Oklahoma State University 0 - University of Michigan 2
BOTTOM OF THE 6TH
University of Michigan Wolverines batting - Pitching for Oklahoma State University Cowboys : LHP Jared Hauck
Batting: RHB Ben Follett 0-0: Ground out 4-3 (Groundball, 4, EV 90.6 MPH)
Batting: SHB J.D. Newman 0-0: Foul Ball, location: 2F
0-1: Ball
1-1: Ball
2-1: Foul Ball, location: 2F
2-2: DOUBLE (Line Drive, 89M, EV 113.1 MPH)
Pitching: RHP Mick Conner
Batting: SHB Raul Herrera 0-0: Called Strike
0-1: Swinging Strike
0-2: Ball
1-2: Strikes out swinging
Batting: LHB Carlos Guajardo 0-0: Called Strike
0-1: Called Strike
0-2: Ball
1-2: Fly out, F7 (Flyball, 7, EV 80.6 MPH)
Bottom of the 6th over - 0 runs, 1 hit, 0 errors, 1 left on base; Oklahoma State University 0 - University of Michigan 2
TOP OF THE 7TH
Oklahoma State University Cowboys batting - Pitching for University of Michigan Wolverines : RHP Russ Mathewson
Batting: LHB Jeff Williams 0-0: Called Strike
0-1: Ball
1-1: Ground out 4-3 (Groundball, 34, EV 102.5 MPH)
Batting: LHB Cory Rohr 0-0: Ground out U3 (Groundball, 3, EV 101.2 MPH)
Batting: RHB Rory Cardosi 0-0: Called Strike
0-1: Ball
1-1: Foul Ball, location: 2F
1-2: Ball
2-2: DOUBLE (Line Drive, 8LD, EV 100.6 MPH)
Batting: RHB Jon Guzman 0-0: Ball
1-0: Ball
2-0: Swinging Strike
2-1: Swinging Strike
2-2: Ball
3-2: Strikes out swinging
Top of the 7th over - 0 runs, 1 hit, 0 errors, 1 left on base; Oklahoma State University 0 - University of Michigan 2
BOTTOM OF THE 7TH
University of Michigan Wolverines batting - Pitching for Oklahoma State University Cowboys : RHP Mick Conner
Batting: LHB Javier Cajina 0-0: Fly out, F9 (Line Drive, 9, EV 92.5 MPH)
Batting: LHB Hector Beltran 0-0: Called Strike
0-1: Called Strike
0-2: Ball
1-2: Strikes out swinging
Batting: LHB Takao Ogura 0-0: Foul Ball, location: 2F
0-1: Ball
1-1: Ball
2-1: Ground out 1-3 (Groundball, 34S, EV 66.2 MPH)
Bottom of the 7th over - 0 runs, 0 hits, 0 errors, 0 left on base; Oklahoma State University 0 - University of Michigan 2
TOP OF THE 8TH
Oklahoma State University Cowboys batting - Pitching for University of Michigan Wolverines : RHP Russ Mathewson
Pitching: LHP Dan Mclaren
Batting: RHB Estevan Alvarez 0-0: Foul Ball, location: 2F
0-1: Ball
1-1: Ball
2-1: Ball
3-1: Base on Balls
Pitching: RHP Mike MacDougall
Batting: RHB Frederik Koster 0-0: Ball
1-0: Grounds into double play, 4-6-3 (Groundball, 4, EV 103.1 MPH)
Batting: RHB Simon Gravitt 0-0: Called Strike
0-1: Ball
1-1: Ground out 4-3 (Groundball, 34, EV 80.6 MPH)
Top of the 8th over - 0 runs, 0 hits, 0 errors, 0 left on base; Oklahoma State University 0 - University of Michigan 2
BOTTOM OF THE 8TH
University of Michigan Wolverines batting - Pitching for Oklahoma State University Cowboys : RHP Mick Conner
Pitching: RHP Lisiate Iugini
Batting: RHB Michael Patterson 0-0: Called Strike
0-1: Ball
1-1: Swinging Strike
1-2: Ball
2-2: Ground out 6-3 (Groundball, 6, EV 84.4 MPH)
Batting: RHB Jeremy Marin 0-0: Called Strike
0-1: Ball
1-1: Swinging Strike
1-2: Foul Ball, location: 2F
1-2: Ball
2-2: Ball
3-2: Base on Balls
Batting: RHB Ben Follett 0-0: Grounds into double play, 4-6-3 (Groundball, 4, EV 105.0 MPH)
Bottom of the 8th over - 0 runs, 0 hits, 0 errors, 0 left on base; Oklahoma State University 0 - University of Michigan 2
TOP OF THE 9TH
Oklahoma State University Cowboys batting - Pitching for University of Michigan Wolverines : RHP Mike MacDougall
Pitching: RHP Konoye Murakami
Batting: RHB Magnus Laursen 0-0: Ball
1-0: Called Strike
1-1: Ball
2-1: Foul Ball, location: 2F
2-2: Ball
3-2: Base on Balls
Batting: LHB Kyle David 0-0: Foul Ball, location: 2F
0-1: Foul Ball, location: 2F
0-2: Ball
1-2: Foul Ball, location: 2F
1-2: Ball
2-2: Strikes out looking
Batting: LHB Jeff Williams 0-0: Ball
1-0: Foul Ball, location: 2F
1-1: SINGLE (Groundball, 34D, EV 95.0 MPH)
Magnus Laursen to second
Batting: LHB Cory Rohr 0-0: Swinging Strike
0-1: Ball
1-1: Fly out, F6 (Popup, P, EV 81.9 MPH)
Batting: RHB Rory Cardosi 0-0: Ball
1-0: Ball
2-0: Called Strike
2-1: Fielders Choice at 2nd, 5-4 (Groundball, 56, EV 109.4 MPH)
Top of the 9th over - 0 runs, 1 hit, 0 errors, 2 left on base; Oklahoma State University 0 - University of Michigan 2
Tuesday, March 28th , 2023 - OOTP Baseball 23.10 Build 110